MID
ATLANTA (MID) BRAVES @ KANE COUNTY COUGARS
04/19/2044
 
TOP OF THE 1ST
Atlanta (MID) Braves batting - Pitching for Kane County Cougars : RHP Travis Plesz
Pitching: RHP Travis Plesz
Batting: SHB Brandon McClain 0-0: Ball
1-0: Called Strike
1-1: Foul Ball, location: 2F
1-2: Strikes out swinging
Batting: RHB Andy Cunningham 0-0: Called Strike
0-1: Called Strike
0-2: Ball
1-2: Ball
2-2: Strikes out swinging
Batting: RHB Xavier Davis 0-0: Fly out, F6 (Popup, 6MD, EV 41.9 MPH)
Top of the 1st over - 0 runs, 0 hits, 0 errors, 0 left on base; Atlanta (MID) 0 - Kane County 0
BOTTOM OF THE 1ST
Kane County Cougars batting - Pitching for Atlanta (MID) Braves : RHP Josh Thomas
Pitching: RHP Josh Thomas
Batting: LHB Willie Gutierrez 0-0: Called Strike
0-1: Ball
1-1: Ball
2-1: Ball
3-1: Swinging Strike
3-2: Fly out, F8 (Flyball, 8LS, EV 88.1 MPH)
Batting: RHB Franklin Villanueva 0-0: Called Strike
0-1: Called Strike
0-2: Ball
1-2: Strikes out swinging
Batting: LHB Kevin Ferguson 0-0: Ball
1-0: Fly out, F7 (Flyball, 78S, EV 85.6 MPH)
Bottom of the 1st over - 0 runs, 0 hits, 0 errors, 0 left on base; Atlanta (MID) 0 - Kane County 0
TOP OF THE 2ND
Atlanta (MID) Braves batting - Pitching for Kane County Cougars : RHP Travis Plesz
Batting: RHB Joseph Kirchmann 0-0: Fly out, F8 (Flyball, 8RD, EV 77.5 MPH)
Batting: LHB Mark Thomas 0-0: Ball
1-0: Ball
2-0: Ball
3-0: Called Strike
3-1: SINGLE (Groundball, 34D, EV 104.4 MPH)
Batting: RHB Corey Dalton 0-0: Grounds into double play, 5-4-3 (Groundball, 5, EV 90.0 MPH)
Top of the 2nd over - 0 runs, 1 hit, 0 errors, 0 left on base; Atlanta (MID) 0 - Kane County 0
BOTTOM OF THE 2ND
Kane County Cougars batting - Pitching for Atlanta (MID) Braves : RHP Josh Thomas
Batting: RHB Dave Vargas 0-0: Ball
1-0: Ground out 4-3 (Groundball, 34, EV 89.4 MPH)
Batting: RHB Marlon Reda 0-0: Foul Ball, location: 2F
0-1: Ball
1-1: Called Strike
1-2: Ball
2-2: Foul Ball, location: 2F
2-2: Ball
3-2: Ground out 6-3 (Groundball, 56, EV 79.4 MPH)
Batting: LHB T.J. Duvall 0-0: Foul Ball, location: 2F
0-1: Ball
1-1: Called Strike
1-2: Ground out 4-3 (Groundball, 4S, EV 66.9 MPH)
Bottom of the 2nd over - 0 runs, 0 hits, 0 errors, 0 left on base; Atlanta (MID) 0 - Kane County 0
TOP OF THE 3RD
Atlanta (MID) Braves batting - Pitching for Kane County Cougars : RHP Travis Plesz
Batting: RHB Mike Shook 0-0: Called Strike
0-1: Ground out 5-3 (Groundball, 56, EV 105.0 MPH)
Batting: RHB Yorkis Saiki 0-0: Ball
1-0: Called Strike
1-1: Ball
2-1: Foul Ball, location: 2F
2-2: Ground out 6-3 (Groundball, 6, EV 87.5 MPH)
Batting: RHB Bobby Light 0-0: Ball
1-0: Foul Ball, location: 2F
1-1: Fly out, F9 (Flyball, 9D, EV 101.9 MPH)
Top of the 3rd over - 0 runs, 0 hits, 0 errors, 0 left on base; Atlanta (MID) 0 - Kane County 0
BOTTOM OF THE 3RD
Kane County Cougars batting - Pitching for Atlanta (MID) Braves : RHP Josh Thomas
Batting: RHB John Pena 0-0: Ball
1-0: Fly out, F7 (Flyball, 7LD, EV 82.5 MPH)
Batting: RHB Curt Barrett 0-0: Ball
1-0: Swinging Strike
1-1: Foul Ball, location: 2F
1-2: Ball
2-2: Foul Ball, location: 2F
2-2: Strikes out swinging
Batting: LHB Brian Nielsen 0-0: Called Strike
0-1: Foul Ball, location: 2F
0-2: Ball
1-2: Ball
2-2: Strikes out looking
Bottom of the 3rd over - 0 runs, 0 hits, 0 errors, 0 left on base; Atlanta (MID) 0 - Kane County 0
TOP OF THE 4TH
Atlanta (MID) Braves batting - Pitching for Kane County Cougars : RHP Travis Plesz
Batting: SHB Brandon McClain 0-0: Foul Ball, location: 2F
0-1: Ball
1-1: DOUBLE (Groundball, 3L, EV 104.4 MPH)
Batting: RHB Andy Cunningham 0-0: Called Strike
0-1: Ground out 6-3 (Groundball, 6, EV 101.9 MPH)
Batting: RHB Xavier Davis 0-0: Ball
1-0: Ground out 5-3 (Groundball, 56S, EV 80.6 MPH)
Batting: RHB Joseph Kirchmann 0-0: Ball
1-0: Called Strike
1-1: Ball
2-1: Ball
3-1: Called Strike
3-2: Strikes out swinging
Top of the 4th over - 0 runs, 1 hit, 0 errors, 1 left on base; Atlanta (MID) 0 - Kane County 0
BOTTOM OF THE 4TH
Kane County Cougars batting - Pitching for Atlanta (MID) Braves : RHP Josh Thomas
Batting: LHB Willie Gutierrez 0-0: Ball
1-0: Ball
2-0: Ball
3-0: Base on Balls
Batting: RHB Franklin Villanueva 0-0: Ball
1-0: Ball
Willie Gutierrez steals 2nd base
2-0: Called Strike
2-1: SINGLE (Groundball, 34D, EV 100.0 MPH)
Willie Gutierrez to third
Runner from 3rd tries for Home, SAFE, throw by RF to home
Franklin Villanueva to second
Batting: LHB Kevin Ferguson 0-0: Called Strike
0-1: Foul Ball, location: 2F
0-2: Fly out, F7 (Line Drive, 7, EV 88.8 MPH)
Batting: RHB Dave Vargas 0-0: Called Strike
0-1: Called Strike
0-2: Ball
1-2: Fly out, F4 (Popup, 4S, EV 60.6 MPH)
Batting: RHB Marlon Reda 0-0: Called Strike
0-1: Ground out 5-3 (Groundball, 56S, EV 92.5 MPH)
Bottom of the 4th over - 1 run, 1 hit, 0 errors, 1 left on base; Atlanta (MID) 0 - Kane County 1
TOP OF THE 5TH
Atlanta (MID) Braves batting - Pitching for Kane County Cougars : RHP Travis Plesz
Batting: LHB Mark Thomas 0-0: Called Strike
0-1: Ball
1-1: Ball
2-1: Ball
3-1: Foul Ball, location: 2F
3-2: Fly out, F6 (Popup, P, EV 81.2 MPH)
Batting: RHB Corey Dalton 0-0: Ball
1-0: Foul Ball, location: 2F
1-1: Ground out 5-3 (Groundball, 5L, EV 90.6 MPH)
Batting: RHB Mike Shook 0-0: Swinging Strike
0-1: Ball
1-1: Ball
2-1: Ball
3-1: Called Strike
3-2: Foul Ball, location: 2F
3-2: Fly out, F8 (Flyball, 8LM, EV 80.0 MPH)
Top of the 5th over - 0 runs, 0 hits, 0 errors, 0 left on base; Atlanta (MID) 0 - Kane County 1
BOTTOM OF THE 5TH
Kane County Cougars batting - Pitching for Atlanta (MID) Braves : RHP Josh Thomas
Batting: LHB T.J. Duvall 0-0: Ball
1-0: Fly out, F9 (Flyball, 89S, EV 92.5 MPH)
Batting: RHB John Pena 0-0: Foul Ball, location: 2F
0-1: Ball
1-1: Swinging Strike
1-2: Ball
2-2: Fly out, F7 (Flyball, 7LM, EV 83.8 MPH)
Batting: RHB Curt Barrett 0-0: Ball
1-0: Called Strike
1-1: Swinging Strike
1-2: Strikes out swinging
Bottom of the 5th over - 0 runs, 0 hits, 0 errors, 0 left on base; Atlanta (MID) 0 - Kane County 1
TOP OF THE 6TH
Atlanta (MID) Braves batting - Pitching for Kane County Cougars : RHP Travis Plesz
Batting: RHB Yorkis Saiki 0-0: Ground out 5-3 (Groundball, 56S, EV 65.0 MPH)
Batting: RHB Bobby Light 0-0: Ball
1-0: Ball
2-0: SINGLE (Groundball, 34D, EV 98.8 MPH)
Batting: SHB Brandon McClain 0-0: Called Strike
0-1: Ball
1-1: Fielders Choice at 2nd, 4-6 (Groundball, 34, EV 95.0 MPH)
Batting: RHB Andy Cunningham 0-0: Ball
1-0: Called Strike
1-1: Fly out, F8 (Flyball, 8LS, EV 82.5 MPH)
Top of the 6th over - 0 runs, 1 hit, 0 errors, 1 left on base; Atlanta (MID) 0 - Kane County 1
BOTTOM OF THE 6TH
Kane County Cougars batting - Pitching for Atlanta (MID) Braves : RHP Josh Thomas
Batting: LHB Brian Nielsen 0-0: Called Strike
0-1: Swinging Strike
0-2: Strikes out swinging
Batting: LHB Willie Gutierrez 0-0: Ball
1-0: Fly out, F7 (Flyball, 7, EV 74.4 MPH)
Batting: RHB Franklin Villanueva 0-0: Called Strike
0-1: Foul Ball, location: 2F
0-2: Strikes out looking
Bottom of the 6th over - 0 runs, 0 hits, 0 errors, 0 left on base; Atlanta (MID) 0 - Kane County 1
TOP OF THE 7TH
Atlanta (MID) Braves batting - Pitching for Kane County Cougars : RHP Travis Plesz
Batting: RHB Xavier Davis 0-0: Called Strike
0-1: Ball
1-1: SINGLE (Flyball, 6MD, EV 88.8 MPH)
Batting: RHB Joseph Kirchmann 0-0: Ball
1-0: Swinging Strike
1-1: Ball
2-1: Ball
3-1: Fielders Choice at 2nd, 4-6 (Groundball, 34, EV 96.2 MPH)
Batting: LHB Mark Thomas 0-0: Called Strike
0-1: Ball
1-1: Ball
2-1: Ball
3-1: Base on Balls
Joseph Kirchmann to second
Batting: RHB Corey Dalton 0-0: Ball
1-0: Ball
2-0: Foul Ball, location: 2F
2-1: Fly out, F4 (Popup, 4MD, EV 45.0 MPH)
Pinch Hitting: LHB Travis Lazaro 0-0: Fielders Choice at 2nd, 6-4 (Groundball, 6, EV 83.8 MPH)
Top of the 7th over - 0 runs, 1 hit, 0 errors, 2 left on base; Atlanta (MID) 0 - Kane County 1
BOTTOM OF THE 7TH
Kane County Cougars batting - Pitching for Atlanta (MID) Braves : RHP Josh Thomas
Now at 1B: Travis Lazaro
Batting: LHB Kevin Ferguson 0-0: Fly out, F8 (Flyball, 8RD, EV 84.4 MPH)
Batting: RHB Dave Vargas 0-0: Ball
1-0: Ball
2-0: Fly out, F5 (Popup, 5S, EV 89.4 MPH)
Batting: RHB Marlon Reda 0-0: Ball
1-0: Ball
2-0: DOUBLE (Groundball, 5L, EV 103.8 MPH)
Batting: LHB T.J. Duvall 0-0: Intentional Walk
Batting: RHB John Pena 0-0: Ball
1-0: Foul Ball, location: 2F
1-1: Ball
2-1: Called Strike
2-2: Strikes out swinging
Bottom of the 7th over - 0 runs, 1 hit, 0 errors, 2 left on base; Atlanta (MID) 0 - Kane County 1
TOP OF THE 8TH
Atlanta (MID) Braves batting - Pitching for Kane County Cougars : RHP Travis Plesz
Batting: RHB Yorkis Saiki 0-0: Ball
1-0: Ground out 3-1 (Groundball, 34, EV 104.4 MPH)
Batting: RHB Bobby Light 0-0: Ball
1-0: Ground out 1-3 (Groundball, 34S, EV 71.9 MPH)
Batting: SHB Brandon McClain 0-0: Foul Ball, location: 2F
0-1: Called Strike
0-2: Strikes out looking
Top of the 8th over - 0 runs, 0 hits, 0 errors, 0 left on base; Atlanta (MID) 0 - Kane County 1
BOTTOM OF THE 8TH
Kane County Cougars batting - Pitching for Atlanta (MID) Braves : RHP Josh Thomas
Batting: RHB Curt Barrett 0-0: Called Strike
0-1: Ball
1-1: Called Strike
1-2: Ball
2-2: Ground out 3-1 (Groundball, 34S, EV 77.5 MPH)
Batting: LHB Brian Nielsen 0-0: Swinging Strike
0-1: Swinging Strike
0-2: Strikes out looking
Batting: LHB Willie Gutierrez 0-0: Ball
1-0: Ball
2-0: Foul Ball, location: 3F, Error on foul ball, E3
2-1: Swinging Strike
2-2: Foul Ball, location: 2F
2-2: Ball
3-2: SINGLE (Groundball, 6MS, EV 69.4 MPH) (infield hit)
Pitching: LHP Enrique Lopez
Batting: RHB Franklin Villanueva 0-0: Ball
Willie Gutierrez steals 2nd base (no throw)
1-0: Called Strike
1-1: Foul Ball, location: 2F
1-2: Ball
2-2: Ground out 6-3 (Groundball, 6, EV 107.5 MPH)
Bottom of the 8th over - 0 runs, 1 hit, 1 error, 1 left on base; Atlanta (MID) 0 - Kane County 1
TOP OF THE 9TH
Atlanta (MID) Braves batting - Pitching for Kane County Cougars : RHP Travis Plesz
Pitching: RHP Ming-feng Pi
Batting: RHB Andy Cunningham 0-0: Swinging Strike
0-1: SINGLE (Groundball, P, EV 85.6 MPH) (infield hit)
Batting: RHB Xavier Davis 0-0: Foul Ball, location: 2F
0-1: Ball
1-1: Called Strike
1-2: Strikes out swinging
Batting: RHB Joseph Kirchmann 0-0: Ball
1-0: SINGLE (Groundball, 56, EV 106.2 MPH) (infield hit)
Andy Cunningham to second
Batting: LHB Mark Thomas 0-0: Called Strike
0-1: Ball
1-1: Ball
2-1: Ball
3-1: Base on Balls
Andy Cunningham to third
Joseph Kirchmann to second
Batting: RHB Corey Dalton 0-0: SINGLE (Flyball, 7LS, EV 99.4 MPH)
Andy Cunningham scores
Joseph Kirchmann to third
Mark Thomas to second
Runner from 3rd tries for Home, SAFE, throw by LF to home
Batting: LHB Travis Lazaro 0-0: Foul Ball, location: 2F
0-1: Ball
1-1: Swinging Strike
1-2: Ball
2-2: Ball
3-2: Foul Ball, location: 2F
3-2: Base on Balls
Mark Thomas to third
Corey Dalton to second
Batting: RHB Yorkis Saiki 0-0: Ball
1-0: Foul Ball, location: 2F
1-1: Swinging Strike
1-2: Ball
2-2: Ball
3-2: SINGLE (Groundball, 4MD, EV 105.6 MPH)
Mark Thomas scores
Corey Dalton to third
Travis Lazaro to second
Pitching: LHP Robert Fuentes
Batting: RHB Bobby Light 0-0: Called Strike
0-1: Ball
Wild Pitch!
Corey Dalton scores
Travis Lazaro to third
Yorkis Saiki to second
1-1: SINGLE (Groundball, 15S, EV 66.2 MPH) (infield hit)
Batting: SHB Brandon McClain 0-0: Grounds into fielders choice 4-2 (Groundball, 4, EV 86.2 MPH)
Yorkis Saiki to third
Bobby Light to second
Batting: RHB Andy Cunningham 0-0: Called Strike
0-1: Foul Ball, location: 2F
0-2: Ball
1-2: Ball
2-2: Strikes out swinging
Top of the 9th over - 4 runs, 5 hits, 0 errors, 3 left on base; Atlanta (MID) 4 - Kane County 1
BOTTOM OF THE 9TH
Kane County Cougars batting - Pitching for Atlanta (MID) Braves : LHP Enrique Lopez
Pitching: RHP Jeff Heaster
Batting: LHB Kevin Ferguson 0-0: Foul Ball, location: 2F
0-1: Foul Ball, location: 2F
0-2: Strikes out swinging
Batting: RHB Dave Vargas 0-0: Ball
1-0: Called Strike
1-1: SOLO HOME RUN (Flyball, 9D, EV 98.8 MPH), Distance : 385 ft
Batting: RHB Marlon Reda 0-0: Called Strike
0-1: Fly out, F7 (Flyball, 78M, EV 83.1 MPH)
Batting: LHB T.J. Duvall 0-0: Called Strike
0-1: Ground out 6-3 (Groundball, 6, EV 98.1 MPH)
Bottom of the 9th over - 1 run, 1 hit, 0 errors, 0 left on base; Atlanta (MID) 4 - Kane County 2
Thursday, March 31st , 2022 - OOTP Baseball 22.12 Build 89